 Dungeon Crawl Stone Soup version 0.24-a0-69-g55f835606b (webtiles) character file.

Game seed: 3555806904148401508

171 Roikka the Charlatan (level 5, -4/39 HPs)
             Began as a Demonspawn Artificer on Feb 6, 2019.
             Was an Initiate of Fedhas.
             Killed by divine providence
             ... invoked by an orc priest
              (10 damage)
             ... on level 3 of the Dungeon.
             The game lasted 00:12:01 (3551 turns).

Roikka the Charlatan (Demonspawn Artificer)         Turns: 3551, Time: 00:12:02

Health: -4/39      AC:  5    Str: 12    XL:     5   Next: 26%
Magic:  0/7        EV: 11    Int: 12    God:    Fedhas [......]
Gold:   71         SH:  0    Dex: 15    Spells: 4/4 levels left

rFire    . . .     SeeInvis .   b - +0 hunting sling
rCold    . . .     Gourm    .   (no shield)
rNeg     . . .     Faith    .   l - +0 ring mail
rPois    .         Spirit   +   (helmet restricted)
rElec    .         Reflect  .   (no cloak)
rCorr    .         Harm     .   (no gloves)
MR       .....                  (no boots)
Stlth    +.........             (no amulet)
HPRegen  0.13/turn              (no ring)
MPRegen  0.10/turn              (no ring)

@: no status effects
A: horns 2, magic shield
a: Fungal Bloom, Renounce Religion


You were on level 3 of the Dungeon.
You worshipped Fedhas.
Fedhas was noncommittal.
You were not hungry.

You visited 1 branch of the dungeon, and saw 3 of its levels.

You collected 71 gold pieces.

Inventory:

Hand Weapons
 a - a +0 short sword
 b - a +0 hunting sling (weapon)
Missiles
 m - 56 stones (quivered)
Armour
 l - a +0 ring mail (worn)
Wands
 c - a wand of flame (8)
 d - a wand of enslavement (15)
 e - a wand of random effects (15)
Scrolls
 j - a scroll of teleportation
 k - a scroll of remove curse
 n - a scroll of identify
 o - a scroll of blinking {unknown}
 p - a scroll of enchant weapon {unknown}
Potions
 h - 3 potions of heal wounds {unknown}
 i - a potion of flight
Comestibles
 f - 7 rations
 g - 5 chunks of flesh


   Skills:
 + Level 2.7 Fighting
 + Level 2.2 Short Blades
 * Level 0.0 Slings
 + Level 2.8 Dodging
 - Level 1.2 Stealth
 + Level 3.9 Evocations


You had 4 spell levels left.
You didn't know any spells.
Your spell library was empty.

Dungeon Overview and Level Annotations

Branches:
Dungeon (3/15)

Altars:
Fedhas


Innate Abilities, Weirdness & Mutations

You have a pair of horns on your head.
When hurt, damage is shared between your health and your magic reserves.


Message History

Beogh smites you!
* * * LOW HITPOINT WARNING * * *
Evoke which item? (* to show all) (? for menu, Esc to quit)
Aiming: Throw Flame
Press: ? - help, Shift-Dir - straight line, f/p - orc priest
Aim: an orc priest, wielding a +0 dagger (almost dead)
The puff of flame misses the orc priest.
The puff of flame hits the orc!
You kill the orc!
The orc priest barely misses you.
Evoke which item? (* to show all) (? for menu, Esc to quit)
Aiming: Throw Flame
Press: ? - help, Shift-Dir - straight line, f/p - orc priest
Aim: an orc priest, wielding a +0 dagger (almost dead)
The puff of flame misses the orc priest.
The puff of flame misses the orc.
The orc priest calls down the wrath of Beogh upon you.
Beogh smites you!
You die...
Fedhas appreciates your contribution to the ecosystem.

#.# ##.#. #.# ##....
##.## ##..... #+
##...###...... ...
###.....##...... ....
#.......##...... ..(..
#.......###.....
....(.####.....)#####....
.(....oo@................
......####...###########.
..... ##.## ## .... #.# #
... #.# # #+ #.# # #.# #
#.# # #.# #


You could see an orc priest and an orc.

Vanquished Creatures
  4 gnolls
  4 adders
  3 worms
  4 leopard geckos
  8 orcs
  A ball python (D:2)
  7 bats
  4 giant cockroaches
  7 goblins
  7 hobgoblins
  6 jackals
  A quokka (D:3)
  2 frilled lizards (D:2)
  8 kobolds
  8 rats
74 creatures vanquished.

Vanquished Creatures (others)
  11 toadstools (D:3)
11 creatures vanquished.

Grand Total: 85 creatures vanquished

Notes
Turn   | Place    | Note
-------+----------+-------------------------------------------
     0 | D:1      | Roikka the Demonspawn Artificer began the quest for the
                  | Orb.
     0 | D:1      | Reached XP level 1. HP: 15/15 MP: 3/3
    95 | D:1      | Reached skill level 1 in Short Blades
    95 | D:1      | Reached skill level 1 in Stealth
   314 | D:1      | Gained mutation: You have a pair of small horns on your
                  | head. [demonic ancestry]
   314 | D:1      | Reached XP level 2. HP: 5/21 MP: 4/4
   321 | D:1      | HP: 1/21 [hobgoblin/+0 club (4)]
  1523 | D:2      | Found a blossoming altar of Fedhas.
  1559 | D:1      | Gained mutation: When hurt, damage is shared between your
                  | health and your magic reserves. [demonic ancestry]
  1559 | D:1      | Reached XP level 3. HP: 18/26 MP: 5/5
  2159 | D:2      | Gained mutation: You have a pair of horns on your head.
                  | [demonic ancestry]
  2159 | D:2      | Reached XP level 4. HP: 26/33 MP: 3/6
  2661 | D:2      | Became a worshipper of Fedhas Madash
  3155 | D:2      | Reached XP level 5. HP: 4/39 MP: 2/7
  3551 | D:3      | Killed from afar by an orc priest

Vault maps used:
D:1:      dpeg_arrival_simpleton_b, layout_basic
D:2:      layout_rooms, first_ration, serial_glass, glass_columns_a,
          glass_columns_a, fedhas_altar_2
D:3:      layout_loops_corners

Skill      XL: |  1  2  3  4 |
---------------+-------------+-----
Short Blades   | 1 2 |  2.2
Stealth        | 1 |  1.2
Dodging        | 2 |  2.8
Fighting       | 2 |  2.7
Evocations     | |  3.9

Action                   |  1- 3 |  4- 6 || total
-------------------------+-------+-------++-------
Melee: Short sword       |   169 |    29 ||   198
       Headbutt          |    14 |    11 ||    25
 Fire: Hunting sling     |    12 |   134 ||   146
Throw: Stone             |    11 |       ||    11
Invok: Fungal Bloom      |       |     3 ||     3
Evoke: Wand              |     4 |     3 ||     7
  Use: Scroll            |       |     4 ||     4
 Stab: Sleeping          |       |     1 ||     1
  Eat: Chunk             |     4 |     4 ||     8
Armor: Leather armour    |    49 |       ||    49
       Ring mail         |       |    32 ||    32
Dodge: Dodged            |   127 |    63 ||   190

Table legend:
 A = Non-vault XP
 B = Vault XP
 C = Vault XP percentage of total XP
 D = Non-vault monster count
 E = Vault monster count
 F = Vault count percentage of total count
                 A         B        C        D         E       F
            +---------+---------+-------+---------+---------+-------
      Total |     245 |       0 |   0.0 |      74 |       0 |   0.0
            +---------+---------+-------+---------+---------+-------
        D:1 |      48 |       0 |   0.0 |      26 |       0 |   0.0
        D:2 |      94 |       0 |   0.0 |      25 |       0 |   0.0
        D:3 |     103 |       0 |   0.0 |      23 |       0 |   0.0
            +---------+---------+-------+---------+---------+-------
